 Dungeon Crawl Stone Soup version 0.30-a0-586-g23e55c9e0a (console) character file.

Game seed: 18070855220195920470

1956027 atomjack the Slayer (level 26, 233/233 HPs)
             Began as a Demonspawn Brigand on Jan 1, 2023.
             Was an Initiate of Gozag.
             Escaped with the Orb
             ... and 4 runes on Jan 3, 2023!
             The game lasted 07:53:13 (93643 turns).

atomjack the Slayer (Demonspawn Brigand)           Turns: 93643, Time: 07:53:14

Health: 233/233    AC: 12    Str: 20    XL:     26   Next: 65%
Magic:  37/37      EV: 29    Int: 31    God:    Gozag
Gold:   7520       SH:  0    Dex: 21    Spells: 1/53 levels left

rFire   + + .      SeeInvis +    b - +8 longbow "Zephyr" {speed, Dex+3 SInv}
rCold   + + .      Faith    .    (shield currently unavailable)
rNeg    + + .      Spirit   +    V - +1 robe of the Mind {rF+ rCorr Str+3 Archmagi}
rPois   .          Reflect  .    C - +2 helmet {Int+3}
rElec   +          Harm     .    S - scarf {rC+ rF+}
rCorr   +          Rampage  .    (gloves unavailable)
Will    ++++.      Archmagi +    t - +1 pair of boots "Biux" {Dex+2}
Stlth   +          Clarity  +    O - macabre finger necklace {rN+}
HPRegen 0.58/turn                e - ring "Boiwkomo" {Wiz Will+++ Int+3 SInv Stlth-}
MPRegen 0.50/turn                G - ring of Vumuduij {rC+ AC+4 Str-2 Int+7}
                                 X - ring "Rumankuob" {rElec rN+ Str+7 Dex-3 Slay+5}

@: studying Unarmed Combat, repel missiles
A: repulsion field 3, demonic guardian 3, magic shield, magic regeneration,
corrupting presence 2, word of chaos, demonic touch 3, fangs 1, thin skeletal
structure 1, clarity, clumsy 1, low MP 1, screaming 1, weak 1, inability to
drink after injury 1
0: Orb of Zot
}: 4/15 runes: barnacled, slimy, silver, gossamer
a: Word of Chaos, Renounce Religion, Potion Petition, Call Merchant, Bribe
Branch


You escaped.
You worshipped Gozag.
Gozag was greatly pleased with you.
You visited 11 branches of the dungeon, and saw 53 of its levels.
You visited 1 bazaar.
You also visited: Sewer, Wizlab and Desolation.

You collected 32520 gold pieces.
You spent 8010 gold pieces at shops.
You paid 16990 gold pieces to Gozag.

Inventory:

Hand Weapons
 a - a +5 demon blade of electrocution
 b - the +8 longbow "Zephyr" (weapon) {speed, Dex+3 SInv}
   (You found it on level 1 of the Vaults)

   Attacks with this weapon are significantly faster.
   Dex:       It affects your dexterity (+3).
   SInv:      It lets you see invisible.
Missiles
 y - 4 throwing nets
 Y - 10 curare-tipped darts
Armour
 l - a +2 cloak of preservation
 t - the +1 pair of boots "Biux" (worn) {Dex+2}
   (You found it in the Desolation of Salt)

   Dex:       It affects your dexterity (+2).
 B - the +4 skin of Zhor {*Englaciate rC+++ SInv}
   (You took it off a fire giant on level 2 of the Depths)

   It radiates cold, occasionally slowing all nearby creatures who are not
   resistant to cold.
   rC:        It renders you almost immune to cold.
   SInv:      It lets you see invisible.
 C - a +2 helmet of intelligence (worn)
 S - a scarf of resistance (worn)
 V - the +1 robe of the Mind (worn) {rF+ rCorr Str+3 Archmagi}
   (You found it on level 4 of the Depths)

   Str:       It affects your strength (+3).
   rF:        It protects you from fire.
   rCorr:     It protects you from acid and corrosion.
   Archmagi:  It increases the power of your magical spells.
Magical Staves
 c - a staff of conjuration {!a}
Jewellery
 e - the ring "Boiwkomo" (left hand) {Wiz Will+++ Int+3 SInv Stlth-}
   (You acquired it on level 13 of the Dungeon)

   [ring of wizardry]

   It improves your spell success rate.
   Int:       It affects your intelligence (+3).
   SInv:      It lets you see invisible.
   Will:      It greatly increases your willpower.
   Stlth:     It makes you less stealthy.
 i - the ring "Ixyuzoco" {rC- Int+2 Dex+6 Slay+3}
   (You took it off an imperial myrmidon in the Desolation of Salt)

   [ring of dexterity]

   Int:       It affects your intelligence (+2).
   Dex:       It affects your dexterity (+6).
   Slay:      It affects your accuracy & damage with ranged weapons and melee
   (+3).
   rC:        It makes you vulnerable to cold.
 k - the amulet of Eternal Harmony {Reflect rN+ Will- rCorr Str+2 SH+5}
   (You found it on level 1 of the Vaults)

   [amulet of reflection]

   It reflects blocked missile attacks.
   Str:       It affects your strength (+2).
   rN:        It protects you from negative energy.
   rCorr:     It protects you from acid and corrosion.
   SH:        It affects your SH (+5).
   Will:      It decreases your willpower.
 m - a ring of poison resistance
 G - the ring of Vumuduij (right hand) {rC+ AC+4 Str-2 Int+7}
   (You took it off a ragged hierophant in the Desolation of Salt)

   [ring of protection]

   AC:        It affects your AC (+4).
   Str:       It affects your strength (-2).
   Int:       It affects your intelligence (+7).
   rC:        It protects you from cold.
 H - the ring "Eseockir" {rC- rN+ EV+5 Str+4}
   (You found it on level 4 of the Realm of Zot)

   [ring of evasion]

   EV:        It affects your evasion (+5).
   Str:       It affects your strength (+4).
   rC:        It makes you vulnerable to cold.
   rN:        It protects you from negative energy.
 M - the ring "Daturron" {Fly rN+ Str+2 Int+4 Dex-2}
   (You acquired it on level 1 of the Depths)

   [ring of flight]

   Str:       It affects your strength (+2).
   Int:       It affects your intelligence (+4).
   Dex:       It affects your dexterity (-2).
   rN:        It protects you from negative energy.
   Fly:       It grants you flight.
 O - the macabre finger necklace (around neck) {rN+}
   (You found it on level 4 of the Lair of Beasts)

   [amulet of nothing]

   It enables you to equip an extra ring.
   rN:        It protects you from negative energy.
 U - the ring "Zeodwawe" {rCorr Int+6 Dex+2}
   (You found it on level 4 of the Shoals)

   [ring of intelligence]

   Int:       It affects your intelligence (+6).
   Dex:       It affects your dexterity (+2).
   rCorr:     It protects you from acid and corrosion.
 X - the ring "Rumankuob" (on amulet) {rElec rN+ Str+7 Dex-3 Slay+5}
   (You found it on level 5 of the Pits of Slime)

   [ring of positive energy]

   Str:       It affects your strength (+7).
   Dex:       It affects your dexterity (-3).
   Slay:      It affects your accuracy & damage with ranged weapons and melee
   (+5).
   rElec:     It insulates you from electricity.
   rN:        It protects you from negative energy.
Wands
 d - a wand of iceblast (39)
 E - a wand of acid (22)
 R - a wand of digging (8)
Scrolls
 g - 12 scrolls of teleportation
 q - 6 scrolls of amnesia
 s - 8 scrolls of poison
 u - 7 scrolls of torment
 v - 13 scrolls of blinking
 w - 8 scrolls of fog
 A - 2 scrolls of silence
 F - a scroll of butterflies
 I - a scroll of magic mapping
 J - 10 scrolls of fear
 K - 9 scrolls of vulnerability
 T - 7 scrolls of immolation
Potions
 f - 4 potions of brilliance
 h - 9 potions of magic
 j - 10 potions of might
 n - 21 potions of curing
 o - 7 potions of berserk rage
 p - 9 potions of cancellation
 r - 10 potions of lignification
 x - 5 potions of haste
 z - 2 potions of invisibility
 D - 3 potions of mutation
 L - 8 potions of flight
 P - 10 potions of attraction
 Q - 4 potions of heal wounds
 W - 4 potions of resistance
 Z - 8 potions of ambrosia


   Skills:
 + Level 24.7 Fighting
 - Level 9.9(13.6) Short Blades
 - Level 14.8(16.0) Long Blades
 - Level 22.0 Ranged Weapons
 - Level 1.7 Throwing
 * Level 16.9 Dodging
 - Level 3.6 Stealth
 - Level 14.3 Spellcasting
 - Level 13.7 Conjurations
 - Level 16.4 Hexes
 - Level 4.6 Ice Magic


You had one spell level left.
You knew the following spells:

 Your Spells              Type           Power      Damage    Failure   Level
a - Magic Dart            Conj           100%       1d8       0%          1
b - Enfeeble              Hex            55%        N/A       1%          7
c - Fulminant Prism       Conj/Hex       54%        3d22      1%          4
d - Portal Projectile     Hex/Tloc       100%       N/A       1%          3
e - Discord               Hex            55%        N/A       6%          8
f - Metabolic Englaciati  Hex/Ice        46%        N/A       1%          5
g - Summon Guardian Gole  Hex/Summ       83%        N/A       1%          3
h - Freezing Cloud        Conj/Ice/Air   37%        6-21      1%          5
i - Stone Arrow           Conj/Erth      100%       3d13      1%          3
j - Cause Fear            Hex            55%        N/A       1%          4
k - Blink                 Tloc           66%        N/A       1%          2
l - Orb of Destruction    Conj           51%        9d13      2%          7

Your spell library contained the following spells:

 Spells                   Type           Power      Damage    Failure   Level
 Apportation              Tloc           66%        N/A       1%          1
 Beastly Appendage        Tmut           66%        N/A       1%          1
 Freeze                   Ice            100%       1d10      1%          1
 Kiss of Death            Conj/Necr      100%       2d13      1%          1
 Necrotise                Necr           100%       1d9       1%          1
 Sandblast                Erth           66%        2d15      1%          1
 Sting                    Tmut/Pois      100%       1d8       1%          1
 Summon Small Mammal      Summ           100%       N/A       1%          1
 Searing Ray              Conj           100%       2d8       0%          2
 Confusing Touch          Hex            100%       N/A       0%          3
 Dazzling Flash           Conj/Hex       100%       N/A       0%          3
 Tukima's Dance           Hex            100%       N/A       0%          3
 Call Imp                 Summ           33%        N/A       1%          2
 Cigotuvi's Dreadful Rot  Necr/Pois/Air  66%        N/A       1%          2
 Ensorcelled Hibernation  Hex/Ice        100%       N/A       1%          2
 Momentum Strike          Conj/Tloc      100%       3d10      1%          2
 Passwall                 Tmut/Erth      27%        N/A       1%          2
 Poisonous Vapours        Pois/Air       66%        N/A       1%          2
 Sublimation of Blood     Necr           33%        N/A       1%          2
 Wereblood                Tmut           33%        N/A       1%          2
 Frozen Ramparts          Ice            100%       1d16      1%          3
 Hailstorm                Conj/Ice       87%        3d17      1%          3
 Inner Flame              Hex/Fire       83%        N/A       1%          3
 Mephitic Cloud           Conj/Pois/Air  66%        N/A       1%          3
 Ozocubu's Armour         Ice            66%        N/A       1%          3
 Anguish                  Hex/Necr       41%        N/A       1%          4
 Flame Wave               Conj/Fire      77%        2d17      1%          4
 Iskenderun's Mystic Bla  Conj/Tloc      77%        2d15      1%          4
 Sticky Flame             Conj/Fire      77%        2d9       1%          4
 Fireball                 Conj/Fire      38%        3d16      1%          5
 Irradiate                Conj/Tmut      38%        3d24      1%          5
 Lightning Bolt           Conj/Air       38%        1d57      1%          5
 Silence                  Hex/Air        41%        N/A       1%          5
 Call Canine Familiar     Summ           33%        N/A       2%          3
 Ignite Poison            Fire/Tmut/Pois 33%        N/A       2%          3
 Kindle Blastsparks       Fire/Tloc/Air  66%        2d15      2%          3
 Lesser Beckoning         Tloc           66%        N/A       2%          3
 Spider Form              Tmut/Pois      33%        N/A       2%          3
 Swiftness                Air            33%        N/A       2%          3
 Teleport Other           Tloc           33%        N/A       2%          3
 Vampiric Draining        Necr           33%        2d8       2%          3
 Vhi's Electric Charge    Tloc/Air       66%        N/A       2%          3
 Ice Form                 Ice/Tmut       53%        N/A       3%          4
 Summon Ice Beast         Ice/Summ       53%        N/A       3%          4
 Conjure Ball Lightning   Conj/Air       38%        3x3d12    8%          6
 Iron Shot                Conj/Erth      38%        9d8       8%          6
 Airstrike                Air            16%        2d(3-19)  9%          4
 Animate Armour           Summ/Erth      66%        N/A       9%          4
 Dispel Undead            Necr           33%        3d14      9%          4
 Manifold Assault         Tloc           33%        N/A       9%          4
 Olgreb's Toxic Radiance  Pois           33%        N/A       9%          4
 Passage of Golubria      Tloc           33%        N/A       9%          4
 Petrify                  Tmut/Erth      33%        N/A       9%          4
 Summon Lightning Spire   Summ/Air       33%        N/A       9%          4
 Agony                    Necr           33%        N/A       22%         5
 Blade Hands              Tmut           16%        N/A       22%         5
 Borgnjor's Vile Clutch   Necr/Erth      16%        N/A       22%         5
 Lee's Rapid Deconstruct  Erth           16%        3d10*     22%         5
 Spellforged Servitor     Conj/Summ      38%        N/A       38%         7
 Ozocubu's Refrigeration  Ice            33%        4d14      69%         7
 Death Channel            Necr           16%        N/A       75%         6
 Dispersal                Tloc           16%        N/A       75%         6
 Eringya's Noxious Bog    Tmut/Pois      16%        N/A       75%         6
 Statue Form              Tmut/Erth      22%        N/A       75%         6
 Lehudib's Crystal Spear  Conj/Erth      38%        10d10     96%         8
 Dragon Form              Tmut           16%        N/A       99%         7
 Haunt                    Necr/Summ      16%        N/A       99%         7
 Malign Gateway           Summ/Tloc      16%        N/A       99%         7
 Monstrous Menagerie      Summ           16%        N/A       99%         7
 Storm Form               Tmut/Air       16%        N/A       99%         7
 Summon Hydra             Summ           16%        N/A       99%         7
 Disjunction              Tloc           16%        N/A       100%        8
 Ignition                 Fire           16%        3d7       100%        8
 Infestation              Necr           16%        N/A       100%        8
 Summon Horrible Things   Summ           16%        N/A       100%        8
 Polar Vortex             Ice            33%        N/A       100%        9
 Animate Dead             Necr           Unusable   N/A       N/A         4
 Simulacrum               Ice/Necr       Unusable   N/A       N/A         6

Dungeon Overview and Level Annotations

Branches:
Dungeon (15/15)            Temple (1/1) D:5            Lair (5/5) D:9
 Shoals (4/4) Lair:2       Spider (4/4) Lair:3        Slime (5/5) Lair:5
    Orc (2/2) D:9             Elf (3/3) Orc:2        Vaults (5/5) D:13
  Crypt (0/3) Vaults:3     Depths (4/4) D:15            Zot (5/5) Depths:4
  Sewer (visited)          WizLab (visited)         Desolation (visited)

Altars:
Ashenzari
Cheibriados
Dithmenos
Fedhas
Gozag
Hepliaklqana
Kikubaaqudgha
Makhleb
Nemelex Xobeh
Okawaru
Qazlal
Ru
Sif Muna
Trog
Uskayaw
Vehumet
Wu Jian
Xom
Yredelemnul
Jiyva

Shops:
D:3 *=!   D:4 ((   D:13 (   Orc:2 [[[=(   Elf:2 :!   Lair:3 [:   Zot:2 **
Depths:3 :

Portals:
Hell: Depths:1 Depths:2 Depths:3 Depths:4
Abyss: Depths:1 Depths:3 Depths:4
Pandemonium: Depths:2 Depths:4
Ziggurat: Depths:3
Trove: D:13 (give +6 demon trident)

Annotations:
D:10 3 runed translucent doors, exclusion: 3 doors
Lair:3 3 runed translucent doors, exclusion: 3 doors, Iry Ugg's ghost, journeyman TeTm
Spider:3 exclusion: downstairs
Elf:1 6 runed translucent doors
Elf:2 3 runed translucent doors, exclusion: door


Innate Abilities, Weirdness & Mutations

You are surrounded by a strong repulsion field. (EV +4, RMsl)
A powerful demonic guardian rushes to your aid.
When hurt, damage is shared between your health and your magic reserves.
You regenerate magic rapidly.
Your presence sometimes corrodes or deforms those you injure.
You can speak a Word of Chaos.
Your touch may irresistibly damage your foes and sap their willpower.
You have very sharp teeth.
You have a somewhat thin skeletal structure. (Dex +2, Stealth+)
You possess an exceptional clarity of mind.
You are clumsy. (Dex -2)
Your magical capacity is low. (-10% MP)
You occasionally shout uncontrollably at your foes.
You are weak. (Str -2)
You occasionally lose the ability to drink potions when taking damage.


Message History

You kill the gnoll!
No target in view!
(D) Dungeon (T) Temple (L) Lair (A) Shoals (N) Spider Nest (M) Slime Pits (O) Orcish Mines (E) Elven Halls (V) Vaults (C) Crypt (U) Depths (H) Hell (Z) Zot
Where to? (Enter - D:1, ? - help)
A hell beast comes into view.
You shoot an arrow. The arrow hits the hell beast!!
The hell beast twists and deforms.
The hell beast is moderately wounded.
You shoot an arrow. The arrow hits the hell beast!!
The hell beast is heavily wounded.
You shoot an arrow. The arrow hits the hell beast!!
The hell beast is almost dead.
The hell beast is distracted by your dazzling golden aura.
You shoot an arrow. The arrow hits the hell beast!!
You kill the hell beast!
(D) Dungeon (T) Temple (L) Lair (A) Shoals (N) Spider Nest (M) Slime Pits (O) Orcish Mines (E) Elven Halls (V) Vaults (C) Crypt (U) Depths (H) Hell (Z) Zot
Where to? (Enter - D:1, ? - help)
You now have 7520 gold pieces (gained 25).
There is a stone staircase leading up here.
You see here a +0 flail.
You climb upwards.
There is a stone staircase leading down here.
You see here a +0 spear.
You enter the shallow water.
Moving in this stuff is going to be slow.
You enter the shallow water.
Moving in this stuff is going to be slow.
You enter the shallow water.
Moving in this stuff is going to be slow.
There is a staircase leading out of the dungeon here.
You are confused.
You feel invigorated.
You feel less invigorated.
You feel less confused.
You have escaped!

#........#....~.~.~....#
######.........≈.♣~~..~.....#
#................~.~♣~~~#'###
#..................#.####.#
#......##########...(# #.###
####.###~~~~~~~~.8.### ##...#
#.##~~.....~~~.## ##)....
#.##~..~~~..~~.# #......
#.##..~~~~~..~.#####......
#.##.~~...~~.~.'...#......
#..'.~..~@~..~.'.#........
##.'.~.~~...~~.######.....
#.#.~..~~~~~..# ######
#.#.~~..~~~..~# #
#.#.~~~.....~~# #
#..8.~~~~~~~~## #
#...########## # ##### # # #
#


There were no monsters in sight!

Vanquished Creatures
  the Royal Jelly (Slime:5)
  A dread lich (Zot:1)
  3 orbs of fire
  A juggernaut (Depths:2)
  The ghost of Raoceuw the Scorcher, a master NaVM of Cheibriados (Zot:2)
  Frederick (Depths:3)
  Xtahua (Depths:3)
  A curse toe (Zot:3)
  Saint Roka (Vaults:4)
  8 golden dragons
  Arachne (Spider:2)
  Jory (Vaults:3)
  An electric golem (Zot:1)
  14 tentacled monstrosities
  Rupert (D:13)
  Zenata (Elf:3)
  3 Orb Guardians
  A walking earthen tome (Depths:2)
  Asterion (Spider:2)
  6 quicksilver dragons
  A pandemonium lord (Depths:2)
  7 titans
  3 deep elf master archers
  18 acid blobs
  A walking divine tome (Depths:1)
  2 krakens
  8 sphinxes
  Kirke (Shoals:2)
  Gastronok (D:8)
  4 death cobs (Zot:2)
  2 thorn hunters (WizLab)
  Polyphemus (Shoals:2)
  Donald (Shoals:1)
  3 tengu reavers
  11 shadow dragons
  10 storm dragons
  3 fenstrider witches (WizLab)
  Ilsuiw (Shoals:2)
  8 azure jellies
  6 rockslimes
  4 draconian monks
  7 frost giants
  7 fire giants
  3 deep elf sorcerers
  4 draconian knights
  Louise (Shoals:1)
  21 vault wardens
  A balrug (Depths:3)
  3 draconian shifters
  6 ghost moths
  3 emperor scorpions
  2 draconian scorchers
  3 iron dragons
  4 imperial myrmidons (Desolation)
  3 spectral caustic shrikes (Depths:2)
  9 deep elf elementalists
  2 orc warlords
  21 ironbound preservers
  3 draconian stormcallers
  2 broodmothers
  10 quicksilver oozes
  14 stone giants
  11 ironbound thunderhulks
  A draconian annihilator (Zot:3)
  4 vampire knights
  14 very ugly things
  7 deep elf demonologists
  4 spriggan defenders
  5 purple draconians
  5 green draconians
  Azrael (Spider:2)
  4 yellow draconians
  16 deep elf annihilators
  9 red draconians
  4 white draconians
  8 black draconians
  7 dire elephants
  11 spark wasps
  A spark wasp (shapeshifter) (Depths:2)
  5 deep elf death magi
  12 ettins
  An iron golem (Depths:3)
  7 fire dragons
  A crystal guardian (Desolation)
  2 merfolk javelineers
  14 great orbs of eyes
  4 merfolk impalers
  6 deep elf high priests
  2 jiangshi (Vaults:3)
  3 entropy weavers
  9 ragged hierophants (Desolation)
  3 shambling mangroves (WizLab)
  17 yaktaur captains
  2 rakshasas
  7 peacekeepers (Desolation)
  Josephine (D:12)
  3 spriggan air magi
  10 vault guards
  A salamander tyrant (Depths:4)
  4 servants of whispers (Desolation)
  3 hydras
  2 catoblepae
  2 jorogumos
  3 ice dragons
  2 merfolk avatars (Shoals:3)
  2 alligator snapping turtles (Shoals:2)
  4 radroaches
  A two-headed ogre (shapeshifter) (Vaults:5)
  A hell beast (D:2)
  14 ironbound frosthearts
  17 two-headed ogres
  12 satyrs
  12 dancing weapons
  8 centaur warriors
  6 ogre magi
  8 boulder beetles
  5 tengu warriors
  A merfolk aquamancer (Shoals:4)
  A radroach (shapeshifter) (Depths:4)
  4 deep troll shamans
  5 spriggan berserkers
  5 vampire magi
  3 hell hogs (Depths:4)
  3 deep troll earth magi
  22 hell knights
  3 naga sharpshooters (WizLab)
  5 death yaks
  Nergalle (D:10)
  9 deep elf knights
  A sun demon (Depths:1)
  Lodul (D:13)
  11 skeletal warriors
  4 pharaoh ants
  6 iron trolls
  A sea snake (shapeshifter) (Vaults:5)
  A fire crab (Lair:5)
  Amaemon (Lair:3)
  3 glowing orange brains
  10 sea snakes
  A sixfirhy (D:15)
  10 deep elf archers
  A flayed ghost (Depths:4)
  9 orb spiders
  A death drake (shapeshifter) (Vaults:5)
  57 deep trolls
  6 wizards
  25 ironbound convokers
  11 lindwurms
  Pikel (D:8)
  6 necromancers
  9 orc knights
  6 phantasmal warriors (Vaults:5)
  A steelbarb worm (Spider:3)
  A harpy (shapeshifter) (Vaults:5)
  24 deep elf pyromancers
  19 deep elf zephyrmancers
  27 harpies
  3 shining eyes
  4 cyclopes
  23 wolf spiders
  17 manticores
  22 fauns
  22 ugly things
  2 oklob plants (WizLab)
  4 salamanders
  5 orc sorcerers
  25 moths of wrath
  Joseph (D:7)
  12 merfolk sirens
  A naga mage (D:15)
  An eye of devastation (Slime:5)
  9 elephants
  22 vault sentinels
  6 guardian serpents (Desolation)
  2 centaur zombies (D:15)
  3 black mambas
  A molten gargoyle (Desolation)
  20 demonic crawlers
  13 cane toads
  12 torpor snails
  4 unseen horrors
  2 water nymphs
  An orange demon (Lair:2)
  2 smoke demons (Depths:3)
  A gargoyle (D:10)
  A tormentor (Depths:3)
  Psyche (D:12)
  A rime drake (Lair:5)
  59 yaktaurs
  2 kobold demonologists
  A tengu conjurer (Depths:4)
  9 komodo dragons
  4 freezing wraiths
  5 trolls
  18 merfolk
  15 hornets
  5 polar bears
  8 meliai
  32 tarantellas
  7 wind drakes
  8 snapping turtles
  A dream sheep (shapeshifter) (Depths:4)
  68 saltlings
  15 blink frogs
  15 dream sheep
  A snapping turtle (shapeshifter) (Vaults:5)
  40 jumping spiders
  71 slime creatures
  3 air elementals
  A centaur simulacrum (D:15)
  20 spriggans
  29 culicivoras
  2 hogs (Shoals:2)
  2 shadows
  9 water elementals
  6 basilisks
  6 wraiths
  2 wyverns
  3 fire elementals (Spider:2)
  56 yaks
  A chaos spawn (Depths:1)
  18 humans (D:13)
  2 vampire mosquitoes (D:14)
  8 golden eyes
  52 redbacks
  A steam dragon (D:10)
  A warg (shapeshifter) (Vaults:5)
  5 wargs
  Edmund (D:4)
  A hell hound (Spider:2)
  9 large abominations (Depths:1)
  12 water moccasins
  24 orc warriors
  13 black bears
  A sky beast (D:6)
  38 ogres
  5 boggarts (Lair:5)
  24 wolves
  10 centaurs
  6 kobold brigands
  12 bullfrogs
  2 necrophages
  2 scorpions
  A gnoll sergeant (D:12)
  4 earth elementals
  5 wights (D:8)
  3 small abominations (Depths:1)
  31 killer bees
  6 howler monkeys
  3 electric eels
  A crimson imp (Depths:2)
  5 hounds
  2 gnoll boudas
  3 jellies (D:5)
  7 orc priests
  Crazy Yiuf (D:3)
  Jessica (D:2)
  Ijyb (D:4)
  6 iguanas
  13 orc wizards
  7 adders
  19 gnolls
  A river rat (D:4)
  A shadow imp (D:5)
  A white imp (D:7)
  4 dart slugs
  2 worms
  78 orcs
  12 endoplasms
  14 giant cockroaches
  6 goblins
  9 hobgoblins
  8 jackals
  11 quokkas
  13 ball pythons
  9 bats
  18 frilled lizards
  24 kobolds
  9 rats
  A bush (WizLab)
2272 creatures vanquished.

Vanquished Creatures (collateral kills)
  A dread lich (Zot:5)
  An ancient lich (Zot:5)
  An orb of fire (Zot:5)
  A juggernaut (Depths:3)
  Margery (Vaults:5)
  A curse toe (Zot:4)
  4 Killer Klowns (Zot:5)
  3 golden dragons
  An electric golem (Zot:5)
  A bone dragon (Zot:1)
  3 tentacled monstrosities
  A walking crystal tome (Depths:3)
  24 Orb Guardians
  A quicksilver dragon (Zot:4)
  2 titans
  2 death cobs (Zot:5)
  An acid blob (Slime:5)
  A tengu reaver (Vaults:5)
  A shadow dragon (Zot:4)
  2 azure jellies (Slime:5)
  5 storm dragons
  3 draconian monks
  A rockslime (Slime:5)
  2 draconian knights
  A fire giant (Zot:1)
  A spectral caustic shrike (Depths:2)
  2 draconian scorchers
  3 draconian stormcallers
  5 draconian shifters
  A war gargoyle (Vaults:5)
  2 quicksilver oozes (Slime:5)
  A cacodemon (Zot:5)
  3 very ugly things
  2 stone giants
  A reaper (Zot:4)
  4 green draconians
  Nessos (D:12)
  3 white draconians
  4 purple draconians
  A halazid warlock (Desolation)
  A spark wasp (Depths:3)
  6 red draconians
  A yellow draconian (Zot:4)
  5 black draconians
  2 ettins (Zot:1)
  A fire dragon (Zot:1)
  A deep elf high priest (Elf:3)
  2 servants of whispers (Desolation)
  A jorogumo (Spider:3)
  20 vault guards (Vaults:5)
  A centaur warrior (D:13)
  An alligator snapping turtle (Zot:5)
  A deep troll shaman (Depths:2)
  2 deep elf knights (Elf:1)
  A skeletal warrior (D:14)
  6 deep trolls
  An orb spider (Spider:4)
  3 deep elf archers
  A necromancer (Vaults:5)
  2 deep elf zephyrmancers
  2 deep elf pyromancers
  A phantasmal warrior (Vaults:5)
  An ugly thing (D:14)
  13 moths of wrath
  3 wolf spiders
  2 elephants
  A smoke demon (Zot:5)
  A guardian serpent (Desolation)
  A black mamba (Lair:1)
  A demonic crawler (Spider:4)
  2 cane toads
  A tormentor (Zot:5)
  A yaktaur (Vaults:5)
  A queen bee (Lair:4)
  A meliai (Lair:4)
  A blink frog (Lair:5)
  4 saltlings (Desolation)
  A jumping spider (Spider:1)
  A slime creature (Slime:3)
  A spriggan (Lair:5)
  3 yaks
  A neqoxec (Zot:4)
  A water moccasin (Lair:2)
  2 black bears (Lair:2)
  2 killer bees (Lair:4)
207 creatures vanquished.

Vanquished Creatures (others)
  An orb of fire (Zot:5)
  2 curse toes (Zot:4)
  3 Killer Klowns (Zot:5)
  A golden dragon (Zot:4)
  5 tentacled monstrosities
  2 Orb Guardians (Zot:5)
  5 death cobs
  A storm dragon (Zot:4)
  A sphinx (Vaults:5)
  A rockslime (Slime:5)
  A draconian knight (Zot:5)
  2 draconian scorchers
  A ghost moth (Zot:1)
  2 draconian shifters (Zot:2)
  A cacodemon (Zot:5)
  A draconian stormcaller (Zot:3)
  3 draconian annihilators
  3 green draconians
  4 yellow draconians
  2 white draconians
  A spark wasp (Depths:2)
  2 black draconians
  4 red draconians
  2 vault guards (Vaults:5)
  A deep troll shaman (Depths:2)
  A deep elf knight (Elf:1)
  A hell knight (Vaults:5)
  A deep troll (Depths:2)
  An obsidian statue (Zot:2)
  A wizard (D:15)
  8 moths of wrath
  2 vault sentinels (Vaults:5)
  3 humans (Shoals:2)
  An orc wizard (D:11)
  An orc (Orc:1)
  A bush (WizLab)
  415 fulminant prisms
  48 fungi
  A pillar of salt (Desolation)
  87 plants
  17 tentacles
  3 withered plants (Desolation)
644 creatures vanquished.

Grand Total: 3123 creatures vanquished

Notes
Turn   | Place    | Note
-------+----------+-------------------------------------------
     0 | D:1      | atomjack the Demonspawn Brigand began the quest for the
                  | Orb.
     0 | D:1      | Reached XP level 1. HP: 16/16 MP: 1/1
   237 | D:1      | Gained mutation: Your touch may inflict minor irresistible
                  | damage on your foes. [demonic ancestry]
   237 | D:1      | Reached XP level 2. HP: 22/22 MP: 2/2
   730 | D:1      | Reached XP level 3. HP: 27/27 MP: 3/3
  1122 | D:2      | Noticed Jessica
  1129 | D:2      | Killed Jessica
  1294 | D:2      | Gained mutation: Your touch may inflict irresistible damage
                  | on your foes. [demonic ancestry]
  1294 | D:2      | Reached XP level 4. HP: 33/33 MP: 4/4
  1807 | D:3      | Found Jupp's Jewellery Emporium.
  2007 | D:3      | Found Goutz's Distillery.
  2016 | D:3      | Bought a potion of curing for 33 gold pieces
  2016 | D:3      | Bought a potion of lignification for 33 gold pieces
  2050 | D:3      | Found a shadowy altar of Dithmenos.
  2309 | D:3      | Gained mutation: You regenerate magic rapidly. [demonic
                  | ancestry]
  2309 | D:3      | Reached XP level 5. HP: 38/38 MP: 5/5
  2456 | D:3      | Found a runed translucent door.
  2457 | D:3      | Noticed Crazy Yiuf
  2565 | D:3      | Found Koulo's Assorted Antiques.
  2574 | D:3      | Bought 3 scrolls labelled QEMITU SIKKU for 63 gold pieces
  2574 | D:3      | Bought a murky white potion for 18 gold pieces
  2574 | D:3      | Bought a scroll labelled KOAWUKHAFE for 21 gold pieces
  2825 | D:3      | Killed Crazy Yiuf
  2826 | D:3      | Reached skill level 5 in Short Blades
  2947 | D:4      | Found Mafih's Weapon Shop.
  3004 | D:4      | Noticed Edmund
  3018 | D:4      | Killed Edmund
  3019 | D:4      | Gained mutation: When hurt, damage is shared between your
                  | health and your magic reserves. [demonic ancestry]
  3019 | D:4      | Reached XP level 6. HP: 44/44 MP: 6/6
  3150 | D:4      | Found an opulent altar of Gozag.
  3239 | D:4      | Reached XP level 7. HP: 49/50 MP: 7/7
  3401 | D:4      | Found a glowing drain.
  3405 | Sewer    | Entered a sewer
  4132 | D:4      | Found Kaaf Cuck's Weapon Shop.
  4165 | D:4      | Reached skill level 1 in Dodging
  4166 | D:4      | Bought a +0 rapier for 48 gold pieces
  4177 | D:4      | Noticed Ijyb
  4192 | D:4      | Killed Ijyb
  4858 | D:5      | Entered Level 5 of the Dungeon
  4887 | D:5      | Found a staircase to the Ecumenical Temple.
  5012 | Temple   | Entered the Ecumenical Temple
  5269 | Temple   | Upgraded the game from 0.30-a0-583-g19bae12e61 to
                  | 0.30-a0-585-g93115170b9
  5431 | D:5      | Reached skill level 3 in Fighting
  5431 | D:5      | Reached XP level 8. HP: 54/58 MP: 6/8
  5894 | D:4      | Became a worshipper of Gozag Ym Sagoz the Greedy
  6213 | D:6      | Reached skill level 4 in Fighting
  6577 | D:3      | Bought a dented malachite amulet for 105 gold pieces
  6577 | D:3      | Bought a scroll labelled XUTEON ITTAHYKH for 21 gold pieces
  7477 | D:7      | Noticed Joseph
  7813 | D:7      | Learned a level 2 spell: Searing Ray
  7816 | D:7      | Learned a level 2 spell: Wereblood
  7999 | D:8      | Reached XP level 9. HP: 62/66 MP: 8/10
  8121 | D:8      | Reached skill level 1 in Spellcasting
  8121 | D:8      | Reached skill level 1 in Conjurations
  8139 | D:8      | Reached skill level 1 in Long Blades
  8310 | D:8      | Identified the ring of Suiguovver {AC+4 Int+2}
  8362 | D:8      | Noticed Pikel
  8375 | D:8      | Killed Pikel
  8376 | D:8      | Reached skill level 5 in Spellcasting
  8477 | D:8      | Found a radiant altar of Vehumet.
  8494 | D:8      | Noticed Gastronok
  8861 | D:8      | Found a shimmering blue altar of Sif Muna.
  8862 | D:8      | Found a burning altar of Makhleb.
  8871 | D:8      | Found a hazy altar of Hepliaklqana.
  8872 | D:8      | Found a bloodstained altar of Trog.
  8872 | D:8      | Found an ornate altar of the Wu Jian Council.
  8874 | D:8      | Found a basalt altar of Yredelemnul.
  9034 | D:9      | Found a staircase to the Orcish Mines.
  9095 | D:9      | Gained mutation: A weak demonic guardian rushes to your
                  | aid. [demonic ancestry]
  9095 | D:9      | Reached XP level 10. HP: 54/73 MP: 17/19
  9521 | D:9      | Found a staircase to the Lair.
 10416 | D:4      | Bought a +5 short sword of flaming for 388 gold pieces
 10527 | D:10     | Entered Level 10 of the Dungeon
 10588 | D:10     | Found a runed translucent gate.
 10588 | D:10     | Found a runed translucent gate.
 10588 | D:10     | Found a runed translucent gate.
 10588 | D:10     | Noticed a cyan ugly thing
 10589 | D:10     | Noticed a cyan ugly thing
 10589 | D:10     | Noticed a red ugly thing
 10592 | D:10     | Noticed a glowing orange brain
 10595 | D:10     | Noticed a harpy
 10596 | D:10     | a harpy changed into a culicivora
 10599 | D:10     | a wind drake changed into a cyclops
 10599 | D:10     | Noticed a cyclops (glowing shapeshifter)
 11021 | D:10     | Reached skill level 5 in Conjurations
 11274 | D:10     | Noticed a gargoyle
 11286 | D:10     | Killed a gargoyle
 11400 | D:10     | Noticed Nergalle
 11633 | D:10     | Killed Nergalle
 11670 | D:10     | Found a hide-covered altar of Uskayaw.
 11683 | D:10     | Found a faded altar of an unknown god.
 11685 | D:10     | Found a faded altar of an unknown god.
 11687 | D:10     | Found a shimmering altar of Xom.
 11976 | D:10     | Learned a level 4 spell: Fulminant Prism
 12438 | Lair:1   | Entered Level 1 of the Lair of Beasts
 12532 | Lair:1   | Noticed a black mamba
 12536 | Lair:1   | Killed a black mamba
 12537 | Lair:1   | Gained mutation: A demonic guardian rushes to your aid.
                  | [demonic ancestry]
 12537 | Lair:1   | Reached XP level 11. HP: 78/78 MP: 20/22
 12797 | Lair:1   | Reached skill level 10 in Conjurations
 13011 | Lair:1   | Noticed a boulder beetle
 13057 | Lair:1   | Killed a boulder beetle
 14257 | Lair:2   | Reached XP level 12. HP: 82/84 MP: 23/23
 14305 | Lair:2   | Reached skill level 1 in Hexes
 15091 | Lair:2   | Noticed a death yak
 15091 | Lair:2   | Noticed a death yak
 15138 | Lair:2   | Killed a death yak
 15471 | Lair:2   | Killed a death yak
 15672 | Lair:2   | Found a staircase to the Shoals.
 15784 | Lair:2   | Learned a level 1 spell: Magic Dart
 16223 | Lair:3   | Noticed Amaemon
 16242 | Lair:3   | Killed Amaemon
 16433 | Lair:3   | Reached skill level 5 in Long Blades
 16653 | Lair:3   | Noticed a boulder beetle
 16687 | Lair:3   | Killed a boulder beetle
 16968 | Lair:3   | Noticed a catoblepas
 17110 | Lair:3   | Killed a catoblepas
 17256 | Lair:3   | Got the Enchiridion on Spellbinding
 17261 | Lair:3   | Learned a level 3 spell: Dazzling Flash
 17275 | Lair:3   | Reached XP level 13. HP: 90/90 MP: 22/24
 17495 | Lair:3   | Found a runed translucent gate.
 17495 | Lair:3   | Found a runed translucent gate.
 17495 | Lair:3   | Found a runed translucent gate.
 17535 | Lair:3   | Noticed Iry Ugg's ghost (journeyman TeTm)
 17682 | Lair:3   | Found a hole to the Spider Nest.
 18713 | D:4      | Bought a +0 vampiric double sword for 658 gold pieces
 19050 | Lair:4   | Found the macabre finger necklace {rN+}
 19919 | Lair:5   | Entered Level 5 of the Lair of Beasts
 20152 | Lair:5   | Reached skill level 10 in Long Blades
 21594 | Lair:5   | Reached XP level 14. HP: 96/96 MP: 23/25
 22195 | Lair:5   | Found a staircase to the Slime Pits.
 22200 | Lair:5   | Found a viscous altar of Jiyva.
 23648 | D:12     | Noticed Psyche
 23654 | D:12     | Killed Psyche
 23670 | D:12     | Noticed Nessos
 23695 | D:12     | Killed Nessos
 24278 | D:12     | Identified the +10 short sword of Dasmuis {protect, rC+
                  | Int+2 SInv}
 24570 | D:12     | Noticed Josephine
 24589 | D:12     | Killed Josephine
 24815 | Orc:1    | Entered Level 1 of the Orcish Mines
 25080 | Orc:1    | Found a radiant altar of Vehumet.
 25227 | Orc:2    | Entered Level 2 of the Orcish Mines
 25257 | Orc:2    | Found a staircase to the Elven Halls.
 25270 | Orc:2    | Found Quximnaup's Armour Shoppe.
 25993 | Orc:2    | Reached skill level 5 in Fighting
 26402 | Orc:2    | Reached skill level 6 in Fighting
 26402 | Orc:2    | Reached skill level 5 in Dodging
 26634 | Orc:2    | Reached skill level 7 in Fighting
 26978 | Orc:2    | Found Kixa's Armour Shop.
 26978 | Orc:2    | Found Josiw's Antique Armour Shoppe.
 26980 | Orc:2    | Found Amab's Jewellery Shoppe.
 26980 | Orc:2    | Found Yty Ylie's Weapon Boutique.
 27049 | Orc:2    | Bought an embroidered robe for 74 gold pieces
 27054 | Orc:2    | Bought a +1 helmet of intelligence for 214 gold pieces
 27139 | Orc:2    | Argh
 27312 | D:13     | Found Ceych's Antique Weapon Boutique.
 27363 | D:13     | Gained mutation: Your touch may irresistibly damage your
                  | foes and sap their willpower. [demonic ancestry]
 27363 | D:13     | Reached XP level 15. HP: 103/110 MP: 9/26
 27495 | D:13     | Reached skill level 8 in Fighting
 27628 | D:13     | Noticed Rupert
 27647 | D:13     | Killed Rupert
 28045 | D:13     | Noticed Lodul
 28062 | D:13     | Killed Lodul
 28227 | D:13     | Reached skill level 9 in Fighting
 28492 | D:13     | Reached skill level 10 in Fighting
 28510 | D:13     | Found a gate to the Vaults.
 28564 | D:13     | Identified a scroll of acquirement
 28565 | D:13     | Acquired the ring "Boiwkomo" {Wiz Will+++ Int+3 SInv
                  | Stlth-}
 28575 | D:13     | Learned a level 5 spell: Metabolic Englaciation
 28665 | D:13     | Found a portal to a secret trove of treasure.
 28950 | D:14     | Identified the +1 morningstar of Trial by Ordeal {elec,
                  | MP+9 Dex+2}
 29377 | D:14     | Reached skill level 1 in Ice Magic
 29581 | D:14     | Reached skill level 5 in Hexes
 30460 | D:15     | Entered Level 15 of the Dungeon
 30543 | D:15     | Reached skill level 11 in Fighting
 31897 | D:15     | Found a staircase to the Depths.
 31947 | D:15     | Found a shimmering blue altar of Sif Muna.
 32234 | Elf:1    | Entered Level 1 of the Elven Halls
 32240 | Elf:1    | Gained mutation: You are surrounded by a mild repulsion
                  | field. (EV +2) [demonic ancestry]
 32240 | Elf:1    | Reached XP level 16. HP: 125/125 MP: 11/27
 33641 | Elf:1    | HP: 4/127 [deep elf zephyrmancer/bolt of lightning (27)]
 33943 | Elf:1    | Paralysed by an air elemental for 1 turns
 34023 | Elf:1    | Reached skill level 12 in Fighting
 34177 | Elf:1    | Paralysed by an air elemental for 1 turns
 34698 | Elf:1    | Found a runed translucent gate.
 34698 | Elf:1    | Found a runed translucent gate.
 34698 | Elf:1    | Found a runed translucent gate.
 34698 | Elf:1    | Found a runed translucent gate.
 34698 | Elf:1    | Found a runed translucent gate.
 34701 | Elf:1    | Found a runed translucent gate.
 35363 | Elf:2    | Found a runed translucent gate.
 35364 | Elf:2    | Found a runed translucent gate.
 35364 | Elf:2    | Found a runed translucent gate.
 35427 | Elf:2    | Found Ubirph's Distillery.
 35965 | Elf:2    | Found Tenijuva's Tremendous Tomes.
 36092 | Elf:2    | Reached skill level 13 in Fighting
 36375 | Elf:3    | Entered Level 3 of the Elven Halls
 37158 | Elf:3    | Noticed Zenata
 37277 | Elf:2    | Bought the Disquisition on Misfortune and the Deep Freeze
                  | for 1350 gold pieces
 37281 | Elf:2    | Learned a level 3 spell: Summon Guardian Golem
 37287 | Elf:2    | Learned a level 5 spell: Freezing Cloud
 37508 | Spider:1 | Entered Level 1 of the Spider Nest
 37969 | Lair:3   | Bought the Papyrus of the Cwm for 540 gold pieces
 37969 | Lair:3   | Bought a book of Flames for 504 gold pieces
 37975 | Lair:3   | Learned a level 3 spell: Stone Arrow
 38083 | Spider:1 | Reached XP level 17. HP: 137/137 MP: 28/28
 38286 | Spider:1 | Reached skill level 10 in Hexes
 40119 | Spider:2 | Noticed Asterion
 40537 | Spider:1 | Learned a level 7 spell: Enfeeble
 40582 | Spider:2 | Noticed Arachne
 40606 | Spider:2 | Killed Arachne
 42015 | Spider:2 | Noticed Azrael
 42032 | Spider:2 | Killed Azrael
 42595 | Spider:2 | Killed Asterion
 43601 | Spider:3 | Reached skill level 10 in Spellcasting
 46586 | Spider:4 | Entered Level 4 of the Spider Nest
 47684 | Spider:4 | Gained mutation: Your presence sometimes corrodes those you
                  | injure. [demonic ancestry]
 47684 | Spider:4 | Reached XP level 18. HP: 137/143 MP: 16/32
 48430 | Spider:4 | Identified the +0 hat of Inference {rCorr Int+4 Dex-4}
 48760 | Spider:4 | Learned a level 4 spell: Cause Fear
 48818 | Spider:4 | Got a gossamer rune of Zot
 49780 | D:8      | Killed Gastronok
 49781 | D:8      | Reached skill level 15 in Hexes
 50039 | D:7      | Killed Joseph
 50202 | Vaults:1 | Entered Level 1 of the Vaults
 51571 | Vaults:1 | Identified the amulet of Eternal Harmony {Reflect rN+ Will-
                  | rCorr Str+2 SH+5}
 51824 | Vaults:1 | Found the +8 longbow "Zephyr" {speed, Dex+3 SInv}
 51935 | Vaults:1 | Reached skill level 1 in Ranged Weapons
 52296 | Vaults:1 | Found a gateway to a bazaar.
 52386 | Bazaar   | Entered a bazaar
 52386 | Bazaar   | Found Muepeott's Book Shop.
 52386 | Bazaar   | Found Zatirokocs's Distillery.
 52404 | Bazaar   | Found Ulellu's Antique Weapon Emporium.
 52423 | Bazaar   | Found Wink's Antique Armour Boutique.
 52434 | Bazaar   | Found Pulety's General Store.
 52442 | Bazaar   | Bought a scroll of enchant weapon for 82 gold pieces
 52453 | Bazaar   | Bought a potion of heal wounds for 55 gold pieces
 52453 | Bazaar   | Bought a potion of curing for 33 gold pieces
 52453 | Bazaar   | Bought a potion of cancellation for 88 gold pieces
 52453 | Bazaar   | Bought a potion of mutation for 88 gold pieces
 52453 | Bazaar   | Bought a potion of heal wounds for 55 gold pieces
 52453 | Bazaar   | Bought a potion of curing for 33 gold pieces
 52453 | Bazaar   | Bought a potion of brilliance for 44 gold pieces
 52461 | Bazaar   | Bought the Reference Book on Generation and Energy for 528
                  | gold pieces
 52461 | Bazaar   | Bought a book of Transfigurations for 440 gold pieces
 52461 | Bazaar   | Bought a book of Minor Magic for 198 gold pieces
 52461 | Bazaar   | Bought a book of the Warp for 462 gold pieces
 52461 | Bazaar   | Bought a book of Burglary for 220 gold pieces
 52767 | Vaults:2 | Found a magical portal.
 52783 | WizLab   | Entered Eringya's Formal Garden
 53335 | WizLab   | Reached skill level 5 in Ranged Weapons
 53820 | WizLab   | Reached XP level 19. HP: 144/150 MP: 25/33
 54290 | WizLab   | Found a blossoming altar of Fedhas.
 54783 | WizLab   | Identified the +12 quarterstaff "Killer Bee's Doom" {spect,
                  | Int+3}
 55941 | Vaults:2 | Reached skill level 10 in Ranged Weapons
 57560 | Vaults:3 | Found a crumbling gateway.
 57632 | Vaults:3 | Got Pasurux's Directory of Feathery Transmogrification
 57828 | Desolati | Entered the Desolation of Salt
 58868 | Desolati | Identified the ring "Ixyuzoco" {rC- Int+2 Dex+6 Slay+3}
 59018 | Desolati | Gained mutation: You are surrounded by a moderate repulsion
                  | field. (EV +3) [demonic ancestry]
 59018 | Desolati | Reached XP level 20. HP: 109/157 MP: 12/34
 59231 | Desolati | Identified the +1 pair of boots "Biux" {Dex+2}
 59254 | Desolati | Got Sif Muna's Disquisition on Coordinates
 59258 | Desolati | Learned a level 2 spell: Blink
 59388 | Desolati | Identified the +1 shortbow of the Leaping Oracle {speed,
                  | Int+3}
 59411 | Desolati | Found the +2 cloak of the Thief {*Fog Slay-2 SInv Stlth+}
 59870 | Desolati | Upgraded the game from 0.30-a0-585-g93115170b9 to
                  | 0.30-a0-586-g23e55c9e0a
 59971 | Desolati | Identified the ring of Vumuduij {rC+ AC+4 Str-2 Int+7}
 60618 | Desolati | Identified the +2 robe "Siom" {rF++ Dex+3}
 60948 | Vaults:3 | Noticed Jory
 61884 | Vaults:3 | Reached skill level 15 in Ranged Weapons
 62399 | Vaults:3 | Found a staircase to the Crypt.
 63013 | Vaults:3 | Reached skill level 10 in Dodging
 65143 | Vaults:4 | Noticed Saint Roka
 65165 | Vaults:4 | Killed Saint Roka
 65459 | Vaults:4 | Gained mutation: A powerful demonic guardian rushes to your
                  | aid. [demonic ancestry]
 65459 | Vaults:4 | Reached XP level 21. HP: 136/163 MP: 26/35
 65912 | Vaults:3 | Killed Jory
 66558 | Elf:3    | Killed Zenata
 67326 | Elf:3    | Learned a level 3 spell: Portal Projectile
 67788 | Elf:3    | Identified the +4 broad axe of Ephol {elec, Stlth+}
 68292 | Elf:3    | Identified the +1 flail "Zoucsig" {vamp, rPois}
 68378 | Elf:3    | Identified the +8 short sword "Liul" {venom, rN+ Will+
                  | Dex+4}
 68575 | Elf:3    | Identified the +9 war axe "Gecautoe" {drain, rF+ rC- Dex+3}
 68691 | Elf:3    | Identified the +0 chain mail of Custoas {rF+ Str+7}
 68716 | Elf:3    | Identified the +5 chain mail of the Falcon {Str+5}
 69034 | Shoals:1 | Entered Level 1 of the Shoals
 69541 | Shoals:1 | Noticed Louise
 69550 | Shoals:1 | Killed Louise
 69683 | Shoals:1 | Noticed Donald
 69703 | Shoals:1 | Killed Donald
 70506 | Shoals:2 | Noticed Ilsuiw
 70527 | Shoals:2 | Killed Ilsuiw
 70651 | Shoals:2 | Noticed Polyphemus
 70692 | Shoals:2 | Killed Polyphemus
 70881 | Shoals:2 | Noticed Kirke
 70891 | Shoals:2 | Killed Kirke
 71539 | Shoals:3 | Identified the +4 war axe "Ciukhlas" {pain, rPois Dex+3}
 71777 | Shoals:4 | Entered Level 4 of the Shoals
 72161 | Shoals:4 | Gained mutation: You are surrounded by a strong repulsion
                  | field. (EV +4, RMsl) [demonic ancestry]
 72161 | Shoals:4 | Reached XP level 22. HP: 165/170 MP: 27/38
 72374 | Shoals:4 | Identified the ring "Zeodwawe" {rCorr Int+6 Dex+2}
 72524 | Shoals:4 | Learned a level 8 spell: Discord
 72608 | Shoals:4 | Identified the amulet of Gluttony {Acrobat Dex+6}
 72624 | Shoals:4 | Identified the +1 plate armour of the Dozen Portals {+Blink
                  | rElec rN++ Will+ Int-2}
 72670 | Shoals:4 | Got a barnacled rune of Zot
 73088 | Slime:1  | Entered Level 1 of the Pits of Slime
 74143 | Slime:5  | Entered Level 5 of the Pits of Slime
 74439 | Slime:5  | Noticed the Royal Jelly
 74893 | Slime:5  | Found a viscous altar of Jiyva.
 75112 | Slime:5  | Killed the Royal Jelly
 75537 | Slime:5  | Identified the +6 mace of Upheaval {heavy, rPois rF+ Str+6
                  | SInv}
 75546 | Slime:5  | Identified the ring "Rumankuob" {rElec rN+ Str+7 Dex-3
                  | Slay+5}
 75552 | Slime:5  | Identified the amulet of Vapt {Faith Rampage Dex+9 Stlth+}
 75586 | Slime:5  | Got a slimy rune of Zot
 75620 | Slime:5  | Identified the +7 falchion of Desertification {freeze,
                  | Drain rElec rC+ rN++ Dex-5}
 75680 | Slime:5  | Identified the +6 dagger of Agony {venom, rC+ rCorr}
 75695 | Slime:5  | Got the Parchment of Distorted Burning
 76151 | Depths:1 | Entered Level 1 of the Depths
 76462 | Depths:1 | Acquired the ring "Daturron" {Fly rN+ Str+2 Int+4 Dex-2}
 76495 | Depths:1 | Found an ornate altar of the Wu Jian Council.
 76625 | Depths:1 | Found a gateway to Hell.
 76694 | Depths:1 | Found a one-way gate to the infinite horrors of the Abyss.
 76900 | Depths:1 | You fall into a shaft and drop 1 floor!
 77292 | Depths:2 | Noticed a juggernaut
 77320 | Depths:2 | Killed a juggernaut
 77326 | Depths:2 | Reached XP level 23. HP: 155/177 MP: 31/40
 77446 | Depths:2 | Found a one-way gate leading to the halls of Pandemonium.
 77477 | Depths:2 | Found a sparkling altar of Nemelex Xobeh.
 77806 | Depths:2 | Reached skill level 14 in Fighting
 78087 | Depths:2 | Identified the ring "Vukha" {Wiz Str+5}
 78466 | Depths:3 | Found Xutusuon's Book Emporium.
 78470 | Depths:3 | Bought a book of Dangerous Friends for 440 gold pieces
 78517 | Depths:3 | Noticed Xtahua
 78536 | Depths:3 | Killed Xtahua
 78579 | Depths:3 | Noticed a juggernaut
 78587 | Depths:3 | Killed a juggernaut
 78913 | Depths:3 | Noticed Frederick
 78929 | Depths:3 | Killed Frederick
 78984 | Depths:3 | Found a snail-covered altar of Cheibriados.
 79490 | Depths:3 | Found a one-way gateway to a ziggurat.
 80022 | Depths:3 | Identified the +2 cloak of a ziggurat {Will+ Str+2}
 80024 | Depths:3 | Identified the +0 chain mail "Feabi" {rElec rPois}
 80329 | Depths:4 | Entered Level 4 of the Depths
 80449 | Depths:4 | Identified the +8 rapier of Uskayaw's Reproof {flame, rElec
                  | rN+}
 80472 | Depths:4 | Gained mutation: You occasionally shout uncontrollably at
                  | your foes. [a shining eye]
 80488 | Depths:4 | Lost mutation: You occasionally shout uncontrollably at
                  | your foes. [potion of mutation]
 80488 | Depths:4 | Gained mutation: You expend magic power (3 MP) to
                  | strengthen your wands. [potion of mutation]
 80488 | Depths:4 | Gained mutation: You are frail. (-10% HP) [potion of
                  | mutation]
 80488 | Depths:4 | Gained mutation: Armour fits poorly on your strangely
                  | shaped body. [potion of mutation]
 80488 | Depths:4 | Gained mutation: You have a pair of small antennae on your
                  | head. [potion of mutation]
 80489 | Depths:4 | Lost mutation: You expend magic power (3 MP) to strengthen
                  | your wands. [potion of mutation]
 80489 | Depths:4 | Lost mutation: You have a pair of small antennae on your
                  | head. [potion of mutation]
 80489 | Depths:4 | Lost mutation: Armour fits poorly on your strangely shaped
                  | body. [potion of mutation]
 80489 | Depths:4 | Gained mutation: Your mind is acute. (Int +4, Str/Dex -1)
                  | [potion of mutation]
 80490 | Depths:4 | Lost mutation: Your mind is acute. (Int +4, Str/Dex -1)
                  | [potion of mutation]
 80490 | Depths:4 | Lost mutation: You are frail. (-10% HP) [potion of
                  | mutation]
 80490 | Depths:4 | Gained mutation: You are vulnerable to cold. (rC-) [potion
                  | of mutation]
 80490 | Depths:4 | Gained mutation: You possess an exceptional clarity of
                  | mind. [potion of mutation]
 80490 | Depths:4 | Gained mutation: Your magical capacity is low. (-10% MP)
                  | [potion of mutation]
 80491 | Depths:4 | Lost mutation: You are vulnerable to cold. (rC-) [potion of
                  | mutation]
 80491 | Depths:4 | Lost mutation: You possess an exceptional clarity of mind.
                  | [potion of mutation]
 80491 | Depths:4 | Gained mutation: You are weak. (Str -2) [potion of
                  | mutation]
 80491 | Depths:4 | Gained mutation: You have very sharp teeth. [potion of
                  | mutation]
 80491 | Depths:4 | Gained mutation: You possess an exceptional clarity of
                  | mind. [potion of mutation]
 80491 | Depths:4 | Gained mutation: You have a somewhat thin skeletal
                  | structure. (Dex +2, Stealth+) [potion of mutation]
 80550 | Depths:4 | Found a broken altar of Ashenzari.
 80679 | Depths:4 | Identified the +1 robe of the Mind {rF+ rCorr Str+3
                  | Archmagi}
 81708 | Depths:4 | Found a gate to the Realm of Zot.
 82196 | Vaults:5 | Entered Level 5 of the Vaults
 82200 | Vaults:5 | Reached skill level 15 in Fighting
 82203 | Vaults:5 | Gained mutation: Your presence sometimes corrodes or
                  | deforms those you injure. [demonic ancestry]
 82203 | Vaults:5 | Reached XP level 24. HP: 161/189 MP: 29/37
 82395 | Vaults:5 | Noticed Margery
 82403 | Vaults:5 | Killed Margery
 82601 | Vaults:5 | Reached skill level 16 in Fighting
 82691 | Vaults:5 | Identified the +8 sling "Iharayff" {heavy, rElec rPois
                  | Str+3 Int-2}
 83043 | Vaults:5 | Reached skill level 17 in Fighting
 83342 | Vaults:5 | Identified the +4 dagger of Arbitration {spect, rElec
                  | Dex+3}
 83478 | Vaults:5 | Identified the +0 plate armour "Oxtih" {rPois rF- rCorr
                  | Dex+5}
 83592 | Vaults:5 | Reached skill level 18 in Fighting
 83617 | Vaults:5 | Got a silver rune of Zot
 84714 | Vaults:5 | Identified the +5 longbow of the Absolute Madman {elec,
                  | Stlth+}
 84867 | Vaults:5 | Reached skill level 15 in Dodging
 85242 | Zot:1    | Entered Level 1 of the Realm of Zot
 85249 | Zot:1    | Noticed a dread lich
 85253 | Zot:1    | Reached skill level 19 in Fighting
 85286 | Zot:1    | Gained mutation: You can speak a Word of Chaos. [demonic
                  | ancestry]
 85286 | Zot:1    | Reached XP level 25. HP: 125/208 MP: 11/37
 85368 | Zot:1    | Killed a dread lich
 85561 | Zot:1    | Found the +7 sceptre of Torment {pain, torment}
 85735 | Zot:1    | Identified the +9 glaive of Callousness {heavy, Str+3}
 85844 | Zot:1    | Noticed an orb of fire
 85930 | Zot:1    | Reached skill level 20 in Fighting
 86063 | Zot:1    | Noticed an orb of fire
 86073 | Zot:1    | Gained mutation: You occasionally lose the ability to drink
                  | potions when taking damage. [an orb of fire]
 86075 | Zot:1    | Gained mutation: You occasionally shout uncontrollably at
                  | your foes. [an orb of fire]
 86086 | Zot:1    | Killed an orb of fire
 86693 | Zot:1    | Killed an orb of fire
 87639 | Zot:2    | Found a runed translucent gate.
 87639 | Zot:2    | Found a runed translucent gate.
 87639 | Zot:2    | Found an opulent altar of Gozag.
 87642 | Zot:2    | Found a runed translucent gate.
 87642 | Zot:2    | Found Fishysev's Assorted Antiques.
 87642 | Zot:2    | Noticed Raoceuw's ghost (master NaVM)
 87643 | Zot:2    | Found Ynisipp's Assorted Antiques.
 87675 | Zot:2    | Reached skill level 21 in Fighting
 89058 | Zot:2    | Killed Raoceuw's ghost
 89433 | Zot:2    | Bought a scroll of blinking for 277 gold pieces
 89433 | Zot:2    | Bought a potion of haste for 370 gold pieces
 89434 | Zot:2    | Bought a potion of cancellation for 272 gold pieces
 89434 | Zot:2    | Bought a scroll of blinking for 255 gold pieces
 89996 | Zot:3    | Reached skill level 22 in Fighting
 90518 | Zot:4    | Learned a level 7 spell: Orb of Destruction
 90618 | Zot:4    | Found a transporter.
 90841 | Zot:4    | Noticed an orb of fire
 90900 | Zot:4    | Identified the +2 short sword of Putrescence {drain, *Noise
                  | rElec rPois Str+3}
 91152 | Zot:4    | Found a transporter.
 91272 | Zot:4    | Noticed an ancient lich
 91284 | Zot:4    | Reached XP level 26. HP: 226/226 MP: 37/37
 91303 | Zot:4    | Noticed an orb of fire
 91365 | Zot:4    | Identified the +15 plate armour "Yguavif" {Drain Fly rElec
                  | Regen+}
 91408 | Zot:4    | Identified the amulet of Leetar {Spirit rC- Regen+ Str-2
                  | Stlth+}
 91416 | Zot:4    | Identified the ring "Eseockir" {rC- rN+ EV+5 Str+4}
 91499 | Zot:5    | Entered Level 5 of the Realm of Zot
 92108 | Zot:5    | Reached skill level 23 in Fighting
 92127 | Zot:5    | Noticed a dread lich
 92157 | Zot:5    | Noticed an orb of fire
 92161 | Zot:5    | Killed an orb of fire
 92181 | Zot:5    | Reached skill level 24 in Fighting
 92403 | Zot:5    | Noticed an orb of fire
 92406 | Zot:5    | Gained mutation: You are clumsy. (Dex -2) [an orb of fire]
 92422 | Zot:5    | Killed an orb of fire
 92768 | Zot:5    | Noticed an ancient lich
 92778 | Zot:5    | Killed an ancient lich
 92950 | Zot:5    | Got the Orb of Zot
 93239 | Depths:2 | Noticed Unum the pandemonium lord
 93265 | Depths:2 | Killed Unum the pandemonium lord
 93530 | D:5      | Noticed Nyjuw the pandemonium lord
 93643 | D:$      | Escaped with the Orb!

Illustrated notes

..))...)..∩∩......#
..##......∩∩......#
..##..#........#..#
...#..#........#..#
..##..#........#..#
.###..#........#..#
..##..#........#..#
.###..##......##..#
## #..##......##..#
#..###....###..#
#...###..###.@.#
##............##
##..........##
############ # ##.#
## ### #..##
.#####.#####...###
...##...##.#...#.#
..####.####......##
.....#.#.##.......###
.........#..........#


Turn 27139 on Orc:2: Argh

Levels and vault maps discovered:
D:1:      psy_arrival_whirlpool, layout_basic, serial_rivers,
          chequers_serial_rivers_large_b, chequers_serial_rivers_marsh,
          chequers_serial_rivers_micro_c, chequers_serial_rivers_small_b,
          chequers_serial_rivers_micro_d, chequers_serial_rivers_large_a
D:2:      minmay_recursive_quarters, layout_loops_ring, uniq_jessica
D:3:      layout_rooms, nicolae_overflow_hidden_temple, serial_shops, shop,
          shop, shop_statue, uniq_crazy_yiuf_cottage
D:4:      layout_basic, grunt_gozag_breadcrumbs, gup_sewer_entry_spiral,
          serial_shops, nicolae_shop_bloodbath_and_beyond,
          nicolae_inconvenience_store, hangedman_decor_riveting, uniq_edmund,
          uniq_ijyb
D:5:      layout_basic, minmay_temple_entry_large_hall, serial_curves,
          eino_curves_04, eino_curves_01, eino_curves_03, eino_curves_01
D:6:      layout_loops_ring
D:7:      layout_rooms, uniq_joseph
D:8:      layout_basic, nicolae_vehumet_altar_sigil, minitemple, uniq_gastronok,
          uniq_pikel
D:9:      layout_loops_corners, lair_entry_dummy, erik_orc_3,
          roderic_serpentine_path
D:10:     statuecave_lemuel, layout_loops_corners,
          chequers_temple_overflow_minitemple,
          ploomutoo_gammafunk_ghost_potion_laboratory, uniq_nergalle
D:11:     layout_grid_maze
D:12:     layout_roguey, uniq_josephine, uniq_psyche, uniq_nessos
D:13:     layout_gridville, grunt_vaults_entry_tiered, serial_shops, shop,
          enter_trove_3, uniq_lodul, uniq_rupert
D:14:     layout_roguey, minmay_misc_feat_enclosed
D:15:     grunt_enter_depths_magical_seal, layout_stronghold, nrook_uturn,
          lemuel_blue_sif_altar
Temple:   compressed_dpeg_triangle_lava_temple
Lair:1:   layout_small_grid, st_stairs_12, lemuel_fruit_tree
Lair:2:   layout_cave_pods, elwin_shoals_entry_rooms, beast_lair_carwin_7
Lair:3:   layout_cellular_growth, nicolae_spider_entry_tight_spaces,
          gammafunk_ghost_icy, grunt_megastairs_5, uniq_amaemon
Lair:4:   layout_cave_pods, special_room [special_room_bee]
Lair:5:   minmay_lair_end_enchanted_forest, layout_misc_corridors,
          dpeg_slime_entry_corner, st_stairs_7
Shoals:1: layout_shoals, uniq_louise, uniq_donald
Shoals:2: layout_shoals, uniq_polyphemus, uniq_kirke, uniq_ilsuiw
Shoals:3: layout_shoals
Shoals:4: shoals_end_hellmonk_lost_city
Spider:1: layout_spider_delve, hangedman_spider_tarantella_strand
Spider:2: layout_spider_delve, uniq_azrael, uniq_asterion, uniq_arachne
Spider:3: layout_chambers, worms_lemuel
Spider:4: guppyfry_spider_rune
Slime:1:  layout_caves, basic_altar
Slime:2:  layout_caves, basic_altar
Slime:3:  layout_caves, nicolae_slime_round_cave
Slime:4:  cheibrodos_slime_lost_civilization_10, layout_caves
Slime:5
Orc:1:    layout_caves, basic_altar
Orc:2:    st_orc_ogre_mass, layout_diamond_mine, serial_shops,
          nicolae_shop_hallway_stairs
Elf:1:    eino_elf_arrival_sip, layout_geoelf_grid, orc_legates,
          nicolae_concentric_dashed_squares_mild
Elf:2:    nicolae_elf_blades_crystal_corner, layout_loops_corners, serial_shops,
          shop, minivault_16, nicolae_shop_i_like_big_books
Elf:3:    minmay_elf_hall_spiked, layout_geoelf_grid, nrook_loot_triangle,
          minivault_16, nicolae_elf_v_pinch, uniq_zenata
Vaults:1: v_misc_13, vaults_dpeg_hooks, v_alt_pattern_5,
          nicolae_vaults_triangles, nicolae_vaults_yaktaur_gun_rack,
          layout_vaults_omnigrid, serial_shops, bzr_entry_safe
Vaults:2: mu_enter_wizlab_4, ontoclasm_vaults_loading_screen, v_rooms_4,
          nicolae_vaults_know_your_exits, vaults_room_pool, v_pattern_3,
          v_misc_27, vaults_room_grunt_arrival_checkpoint, v_misc_22,
          vaults_room_hallway, ontoclasm_vaults_eye, layout_vaults_omnicross
Vaults:3: portal_desolation_entry_salt, v_pattern_2,
          nicolae_vaults_stairing_the_circle, vaults_mumra_hex,
          nicolae_vaults_alarming, ontoclasm_vaults_water_temple,
          nicolae_vaults_network_quinsquares
          [nicolae_vaults_network_quincunx_subvault,
          nicolae_vaults_network_quincunx_subvault,
          nicolae_vaults_network_quincunx_subvault,
          nicolae_vaults_network_quincunx_subvault], v_alt_pattern_3,
          minmay_crypt_entry_simple_round, nicolae_vaults_theta,
          vaults_dpeg_encased_lava, nicolae_vaults_mini_display_case,
          layout_vaults_chaotic_city, uniq_jory
Vaults:4: ontoclasm_vaults_hangar, v_misc_25, hangedman_vaults_corner_blocks,
          vaults_room_boxed, vaults_mumra_hexcomb, hangedman_vaults_variations,
          v_pattern_4, v_misc_18, v_misc_25, nicolae_vaults_bisected_slash,
          vaults_standard_mumra_x, grunt_vaults_focal, v_misc_24,
          nicolae_vaults_gold_heap, v_misc_13, layout_vaults_omnibox,
          uniq_saint_roka
Vaults:5: uniq_margery
Depths:1: layout_cave_pools, pf_coc_iceberg, serial_bayou_pond_d,
          minmay_room_of_horrors, nzn_wu_jian_contemplation
Depths:2: minmay_strange_plus, layout_cave_pools, pf_hell_entry_tar_river,
          nemelex_lonely_heart_becter, pan_entry
Depths:3: minmay_ornate_pinched, layout_cave_shapes, enter_ziggurat_f,
          chequers_serial_rivers_small_3, lightli_too_deep, abyss_entry,
          serial_shops, nicolae_shop_stone, slow_altar_1, uniq_josephina,
          uniq_frederick, uniq_xtahua
Depths:4: grunt_zot_entry_alcove, layout_cave_pools, ashenzari_altar_1,
          pan_entry, abyss_entry, hell_entry, tso_metal_star
Zot:1:    hangedman_zot_vaults_quadrants, layout_cathedral_of_symmetry
Zot:2:    kennysheep_bubbly, layout_gridlike, ebering_ghost_gozag
Zot:3:    layout_gridlike
Zot:4:    gammafunk_dig_for_victory, layout_basic
Zot:5:    layout_basic

Skill      XL: |  1  2  3  4  5  6  7  8  9 10 11 12 13 14 15 16 17 18 19 20 21 22 23 24 25 26 |
---------------+-------------------------------------------------------------------------------+-----
Short Blades   | 2 3 4 6 7 8 9 |  9.9
Dodging        | 2 4 5 7 9 10 11 12 13 15 16 | 16.9
Fighting       | 3 4 7 11 13 15 19 22 24 | 24.7
Spellcasting   | 6 7 10 12 13 14 | 14.3
Conjurations   | 3 8 12 13 | 13.7
Long Blades    | 1 7 12 14 | 14.8
Hexes          | 4 7 9 13 16 | 16.4
Ice Magic      | 3 4 |  4.6
Ranged Weapons | 6 13 17 19 20 22 | 22.0
Throwing       | |  1.7
Stealth        | |  3.6

Action                   |  1- 3 |  4- 6 |  7- 9 | 10-12 | 13-15 | 16-18 | 19-21 | 22-24 | 25-27 || total
-------------------------+-------+-------+-------+-------+-------+-------+-------+-------+-------++-------
Melee: Dagger            |    53 |       |       |       |       |       |       |       |       ||    53
       Touch             |    10 |    18 |   126 |   133 |   210 |   389 |   100 |       |       ||   986
       Short sword       |    21 |   139 |   550 |   610 |    75 |       |       |       |       ||  1395
       Punch             |     1 |     1 |     3 |    12 |    16 |    31 |     8 |       |       ||    72
       Double sword      |       |       |       |       |   995 |   250 |       |       |       ||  1245
       Staff             |       |       |       |       |    14 |       |       |       |       ||    14
       Rapier            |       |       |       |       |       |   950 |       |       |       ||   950
       Demon blade       |       |       |       |       |       |   311 |   425 |     8 |       ||   744
       Bite              |       |       |       |       |       |       |       |     1 |       ||     1
 Fire: Longbow           |       |       |       |       |       |    71 |  1819 |  2664 |  1013 ||  5567
Throw: Dart              |     1 |       |     6 |    20 |     4 |       |       |       |       ||    31
 Cast: Searing Ray       |       |       |     1 |     6 |     2 |       |       |       |       ||     9
       Wereblood         |       |       |     1 |     6 |     2 |       |       |       |       ||     9
       Fulminant Prism   |       |       |       |    79 |   251 |    78 |     9 |       |       ||   417
       Magic Dart        |       |       |       |    12 |   226 |    78 |       |       |       ||   316
       Dazzling Flash    |       |       |       |     1 |     3 |     6 |       |       |       ||    10
       Metabolic Englaci |       |       |       |       |     1 |    26 |    29 |    13 |       ||    69
       Freezing Cloud    |       |       |       |       |       |    85 |    74 |    15 |       ||   174
       Stone Arrow       |       |       |       |       |       |   254 |     8 |     6 |       ||   268
       Enfeeble          |       |       |       |       |       |     7 |    65 |    14 |     7 ||    93
       Summon Guardian G |       |       |       |       |       |     2 |       |       |       ||     2
       Cause Fear        |       |       |       |       |       |       |     3 |    10 |       ||    13
       Portal Projectile |       |       |       |       |       |       |     4 |     2 |     1 ||     7
       Blink             |       |       |       |       |       |       |       |     5 |     1 ||     6
       Discord           |       |       |       |       |       |       |       |    16 |     6 ||    22
Invok: Potion Petition   |       |       |       |       |     3 |     1 |     3 |       |       ||     7
       Call Merchant     |       |       |       |       |       |     2 |       |       |       ||     2
       Bribe Branch      |       |       |       |       |       |       |       |       |     4 ||     4
Evoke: Wand              |       |     4 |       |       |     1 |     3 |       |     4 |     1 ||    13
  Use: Scroll            |       |     7 |     4 |     9 |    16 |    12 |    14 |    11 |     1 ||    74
       Potion            |       |     3 |     1 |       |     2 |    14 |     5 |    13 |     9 ||    47
 Stab: Sleeping          |     4 |     9 |     7 |     2 |       |     2 |     1 |       |       ||    25
       Paralysed         |       |     3 |       |       |       |       |       |       |       ||     3
       Distracted        |       |       |       |     4 |    11 |     8 |     3 |       |       ||    26
       Invisible         |       |       |       |     1 |     2 |    11 |    10 |       |       ||    24
       Fleeing           |       |       |       |       |       |       |     1 |       |       ||     1
Armor: Robe              |    11 |    37 |   129 |   118 |   255 |   232 |       |    17 |    11 ||   810
       Leather armour    |       |       |       |       |       |   133 |   120 |    74 |       ||   327
Dodge: Dodged            |    23 |    55 |   193 |   203 |   821 |  1010 |   614 |   331 |   117 ||  3367
       Repelled          |       |       |       |       |       |       |       |    21 |    15 ||    36

Table legend: (Time is in decaauts)
 A = Elapsed time spent in this place.
 B = Non-inter-level travel time spent in this place.
 C = Inter-level travel time spent in this place.
 D = Time resting spent in this place.
 E = Time spent auto-exploring this place.
 F = Levels seen in this place.
 G = Mean time per level.
                   A        B        C        D        E       F      G
               +--------+--------+--------+--------+--------+-----+--------+
         Total |  89322 |  80649 |   8673 |  21635 |  36454 |  57 | 1567.1 |
       Dungeon |  20378 |  16697 |   3681 |   1802 |  10602 |  15 | 1358.5 |
        Temple |    273 |    256 |     17 |      0 |    249 |   1 |  273.0 |
          Lair |  10320 |   8868 |   1452 |   1630 |   4689 |   5 | 2064.0 |
        Shoals |   3817 |   3452 |    365 |    679 |   1800 |   4 |  954.2 |
   Spider Nest |  11454 |  10843 |    611 |   4898 |   2781 |   4 | 2863.5 |
    Slime Pits |   2373 |   2283 |     90 |   1264 |     68 |   5 |  474.6 |
  Orcish Mines |   2552 |   2174 |    378 |    448 |    965 |   2 | 1276.0 |
   Elven Halls |   6915 |   6436 |    479 |   2488 |   2109 |   3 | 2305.0 |
        Vaults |  12998 |  12264 |    734 |   4074 |   4875 |   5 | 2599.6 |
        Depths |   5340 |   4876 |    464 |   1227 |   2479 |   4 | 1335.0 |
           Zot |   7322 |   6924 |    398 |    697 |   5121 |   5 | 1464.4 |
        Bazaar |     81 |     81 |      0 |      0 |     53 |   1 |   81.0 |
         Sewer |    654 |    654 |      0 |     27 |    163 |   1 |  654.0 |
        Wizlab |   2096 |   2096 |      0 |   1001 |     32 |   1 | 2096.0 |
    Desolation |   2743 |   2743 |      0 |   1394 |    465 |   1 | 2743.0 |
               +--------+--------+--------+--------+--------+-----+--------+

Top non-repeatable levels by time:
Spider:1: 4091 daAuts
Vaults:3: 3966 daAuts
Spider:3: 3960 daAuts
   Elf:3: 2997 daAuts
   Elf:1: 2928 daAuts
Desolation: 2743 daAuts
Vaults:2: 2694 daAuts
  Lair:2: 2412 daAuts
  Lair:5: 2333 daAuts
  Lair:3: 2320 daAuts
Vaults:1: 2207 daAuts
Vaults:5: 2197 daAuts
  WizLab: 2096 daAuts
   Zot:2: 2071 daAuts
Spider:4: 2062 daAuts
